 Dungeon Crawl Stone Soup version 0.29.1-12-g30fa7ad0bf (webtiles) character file.

Game seed: 12970637770721371443

149 croobank the Caller (level 5, 0/20 HPs)
             Began as a Felid Summoner on Dec 29, 2022.
             Was an Initiate of Gozag.
             Slain by a killer bee (8 damage)
             ... on level 4 of the Dungeon.
             The game lasted 00:14:54 (4535 turns).

croobank the Caller (Felid Summoner)                Turns: 4535, Time: 00:14:54

Health: 0/20       AC:  1    Str:  4    XL:     5   Next: 9%
Magic:  1/10       EV: 19    Int: 16    God:    Gozag
Gold:   142        SH:  0    Dex: 17    Spells: 1/10 levels left
                                        Lives:  0   Deaths: 1

rFire   . . .      SeeInvis +   (weapon unavailable)
rCold   . . .      Faith    .   (shield unavailable)
rNeg    . . .      Spirit   .   (body armour unavailable)
rPois   .          Reflect  .   (helmet unavailable)
rElec   .          Harm     .   (cloak unavailable)
rCorr   .          Rampage  .   (gloves unavailable)
Will    .....                   (boots unavailable)
Stlth   ++........              (no amulet)
HPRegen 0.06/turn               (no ring)
MPRegen 0.12/turn               (no ring)

@: quick
A: very small, claws 1, fangs 3, see invisible, speed 1, shaggy fur 1, stealthy
paws, no weapons or thrown items, no armour, multi-lived, dopey 1, frail 1,
screaming 1
a: Renounce Religion, Potion Petition, Call Merchant, Bribe Branch


You were on level 4 of the Dungeon.
You worshipped Gozag.
Gozag was aware of your devotion.
You visited 2 branches of the dungeon, and saw 5 of its levels.

You collected 204 gold pieces.
You paid 62 gold pieces to Gozag.

Inventory:

Jewellery
 b - a ring of ice
Potions
 d - a potion of mutation
 h - a potion of cancellation
 j - a potion of attraction
 m - 2 potions of curing
 n - a potion of haste


   Skills:
 + Level 2.3 Fighting
 + Level 4.4 Dodging
 - Level 2.6 Stealth
 + Level 3.1 Spellcasting
 + Level 0.9 Hexes
 + Level 4.8 Summonings


You had one spell level left.
You knew the following spells:

 Your Spells              Type           Power      Damage    Failure   Level
a - Summon Small Mammal   Summ           68%        N/A       2%          1
b - Call Imp              Summ           17%        N/A       3%          2
c - Call Canine Familiar  Summ           17%        N/A       8%          3
d - Summon Guardian Gole  Hex/Summ       11%        N/A       17%         3

Your spell library contained the following spells:

 Spells                   Type           Power      Damage    Failure   Level
 Foxfire                  Conj/Fire      8%         2x1d4     19%         1
 Inner Flame              Hex/Fire       4%         N/A       41%         3
 Conjure Flame            Conj/Fire      2%         6-21      50%         3
 Summon Lightning Spire   Summ/Air       10%        N/A       56%         4
 Flame Wave               Conj/Fire      2%         2d4       88%         4


Dungeon Overview and Level Annotations

Branches:
Dungeon (4/15)             Temple (1/1) D:4

Altars:
Cheibriados
Dithmenos
Elyvilon
Fedhas
Gozag
Hepliaklqana
Kikubaaqudgha
Makhleb
Nemelex Xobeh
Qazlal
Ru
Trog
Uskayaw
Xom
The Shining One


Innate Abilities, Weirdness & Mutations

You have sharp claws.
You have razor-sharp teeth.
You have supernaturally acute eyesight. (SInv)
You cover ground quickly. (Speed+)
You are covered in fur. (AC +1)
Your paws help you pounce on unaware monsters.
You are incapable of wielding weapons or throwing items.
You cannot wear armour.
You gain extra lives every three experience levels.
You are dopey. (Int -2)
You are frail. (-10% HP)
You occasionally shout uncontrollably at your foes.


Message History

The killer bee poisons your hound!
Your hound barely misses the killer bee.
Your white imp gestures at the killer bee.
The puff of frost hits the killer bee!
The killer bee is distracted by your dazzling golden aura.
The killer bee stings your hound!
Your hound dies!
Your hound's corpse disappears in a puff of smoke!
You aren't carrying any items that you can evoke.
As you read the scroll of identify, it crumbles to dust.
j - a potion of attraction Your white imp misses the killer bee.
As you read the scroll of identify, it crumbles to dust.
m - 2 potions of curing The killer bee is no longer distracted by gold.
The killer bee closely misses you.
Okay, then.
As you read the scroll of identify, it crumbles to dust.
n - a potion of haste The killer bee stings your white imp.
Your white imp dies!
Your white imp disappears in a puff of smoke!
The killer bee barely misses you. The killer bee stings you.
The killer bee misses you. The killer bee stings you!
Casting: Call Canine Familiar (quite dangerous; 7% risk of failure)
Confirm with . or Enter, or press ? or * to list all spells.
Okay, then.
Really quaff the potion of mutation?
You feel extremely strange.
You occasionally lose the ability to drink potions when taking damage.
You feel agile.
The killer bee completely misses you. x2; The killer bee barely misses you.
Really quaff the potion of mutation?
You feel extremely strange.
You feel clumsy.
You no longer become unable to drink potions after taking damage.
You feel the urge to shout.
You feel stupid.
You feel frail. The killer bee stings you!
You die...
Your body crumbles into a pile of gold.

#.........###.#.#.
#.#...........#
#.#.......######.#
#.#..............#
#.#...<..#########
######.#..#####
#..........##
#.....yy....#####
#.....@yy§.......
#########+#######


You could see 4 killer bees.

Vanquished Creatures
  A gnoll (D:1)
  2 hobgoblins
3 creatures vanquished.

Vanquished Creatures (collateral kills)
  A killer bee (D:4)
  An iguana (D:4)
  An orc wizard (D:3)
  3 adders
  A worm (D:3)
  2 dart slugs (D:4)
  5 orcs
  2 ball pythons
  4 bats
  5 endoplasms
  5 giant cockroaches
  4 goblins
  3 hobgoblins
  2 jackals (D:1)
  A quokka (D:4)
  3 frilled lizards (D:1)
  6 kobolds
  6 rats
55 creatures vanquished.

Grand Total: 58 creatures vanquished

Notes
Turn   | Place    | Note
-------+----------+-------------------------------------------
     0 | D:1      | croobank the Felid Summoner began the quest for the Orb.
     0 | D:1      | Reached XP level 1. HP: 7/7 MP: 4/4
   304 | D:1      | Reached XP level 2. HP: 12/12 MP: 4/6
   307 | D:1      | Learned a level 2 spell: Call Imp
   396 | D:1      | Reached skill level 1 in Fighting
   501 | D:1      | Found a faded altar of an unknown god.
   811 | D:1      | Reached XP level 3. HP: 15/15 MP: 2/7
   817 | D:1      | Learned a level 3 spell: Call Canine Familiar
  1859 | D:2      | Found a hazy altar of Hepliaklqana.
  2152 | D:3      | Found a shadowy altar of Dithmenos.
  2520 | D:3      | Reached XP level 4. HP: 19/19 MP: 4/8
  2709 | D:3      | Found a sacrificial altar of Ru.
  2765 | D:3      | Found a blossoming altar of Fedhas.
  2944 | D:3      | Found a white marble altar of Elyvilon.
  3058 | D:3      | Killed from afar by an orc wizard
  3059 | D:3      | Reached XP level 3. HP: -6/16 MP: 0/8
  3083 | D:3      | Found a burning altar of Makhleb.
  3318 | D:3      | Reached XP level 4. HP: 19/19 MP: 2/9
  3827 | D:4      | Found a snail-covered altar of Cheibriados.
  3921 | D:4      | Found a staircase to the Ecumenical Temple.
  3976 | Temple   | Entered the Ecumenical Temple
  4060 | Temple   | Became a worshipper of Gozag Ym Sagoz the Greedy
  4499 | D:4      | Learned a level 3 spell: Summon Guardian Golem
  4522 | D:4      | Reached XP level 5. HP: 23/23 MP: 0/10
  4534 | D:4      | Gained mutation: You occasionally lose the ability to drink
                  | potions when taking damage. [potion of mutation]
  4534 | D:4      | Gained mutation: You are agile. (Dex +4, Str/Int -1)
                  | [potion of mutation]
  4535 | D:4      | Lost mutation: You are agile. (Dex +4, Str/Int -1) [potion
                  | of mutation]
  4535 | D:4      | Lost mutation: You occasionally lose the ability to drink
                  | potions when taking damage. [potion of mutation]
  4535 | D:4      | Gained mutation: You occasionally shout uncontrollably at
                  | your foes. [potion of mutation]
  4535 | D:4      | Gained mutation: You are dopey. (Int -2) [potion of
                  | mutation]
  4535 | D:4      | Gained mutation: You are frail. (-10% HP) [potion of
                  | mutation]
  4535 | D:4      | Slain by a killer bee

Illustrated notes

Levels and vault maps discovered:
D:1:      tarquinn_simple_flora_water_c, layout_basic,
          dreamdust_ecumenical_altar_angels_and_demons, minmay_3d_cube
D:2:      layout_basic, basic_altar
D:3:      layout_loops_corners, mainiacjoe_overflow_small_starburst,
          nicolae_elyvilon_peaceful_grove, overflow_temple_1_default,
          mainiacjoe_overflow_concentric_impassable, lemuel_crystal_altar
D:4:      minmay_general_purpose_star, layout_basic,
          mainiacjoe_overflow_alcove_1, minmay_temple_entry_drinking_statues
Temple:   hellmonk_temple_flake

Skill      XL: |  1  2  3  4 |
---------------+-------------+-----
Dodging        | 3 4 |  4.4
Fighting       | 1 2 |  2.3
Spellcasting   | 3 |  3.1
Stealth        | |  2.6
Hexes          | |  0.9
Summonings     | |  4.8

Action                   |  1- 3 |  4- 6 || total
-------------------------+-------+-------++-------
Melee: Unarmed           |    10 |     3 ||    13
       Bite              |     1 |     1 ||     2
 Cast: Summon Small Mamm |    52 |    22 ||    74
       Call Imp          |    19 |    10 ||    29
       Call Canine Famil |    14 |    15 ||    29
  Use: Scroll            |       |    12 ||    12
       Potion            |       |     3 ||     3
Armor: Skin              |     1 |     1 ||     2
Dodge: Dodged            |    11 |    10 ||    21
